 Dungeon Crawl Stone Soup version 0.31-a0-564-g3b7de120b3 (webtiles) character file.

Game seed: 1254547950571216523

12 ytrimaz the Changeling (level 2, -1/27 HPs)
             Began as an Octopode Shapeshifter on Aug 18, 2023.
             Slain by a kobold
             ... wielding a +0 short sword
              (2 damage)
             ... on level 1 of the Dungeon.
             The game lasted 00:00:20 (129 turns).

ytrimaz the Changeling (Octopode Shapeshifter)       Turns: 129, Time: 00:00:21

Health: -1/27      AC: 21    Str: 14    XL:     2   Next: 33%
Magic:  2/2        EV: -1    Int: 10    God:
Gold:   10         SH:  0    Dex: 12    Spells: 1/1 levels left

rFire   + .          .
                       - Unarmed
rCold   + . .        (no shield)
rNeg    . . .        (helmet currently unavailable)
rPois   +            (no amulet)
rElec   +            (no ring)
rCorr   +            (no ring)
SInv    .            (no ring)
Will    .....        (no ring)
Stlth   +            (no ring)
HPRegen 0.24/turn    (no ring)
MPRegen 0.08/turn    (no ring)
                     (no ring)

%: no passive effects
@: brilliant, lethally poisoned (-1 -> -4), tree-form, resistant, constricted
A: stationary, stasis, torment immunity, boosted hp, almost no armour,
(amphibious), 8 rings, (camouflage 1), (gelatinous body 1), (nimble swimmer 1),
(tentacles)
a: no special abilities


You were on level 1 of the Dungeon.
You were a tree.
You visited 1 branch of the dungeon, and saw 1 of its levels.

You collected 10 gold pieces.


Innate Abilities, Weirdness & Mutations

You are a tree.
Your roots penetrate the ground, keeping you stationary.
You cannot be teleported.
You are immune to unholy pain and torment.
Your maximum health is greatly increased.
You cannot wear most types of armour.
((You are amphibious.))
You can wear up to eight rings at the same time.
((Your skin changes colour to match your surroundings (Stealth+).))
((Your rubbery body absorbs attacks. (AC +1, EV +1)))
((You are camouflaged when in or above water. (Stealth+)))
((You have tentacles for arms and can constrict up to eight enemies at once.))


   Skills:
 - Level 1.0 Fighting
 + Level 2.3 Dodging
 + Level 3.2 Unarmed Combat
 * Level 3.2 Shapeshifting


You had one spell level left.
You didn't know any spells.
Your spell library was empty.

Inventory:

Talismans
 b - a beast talisman
 c - a flux talisman
Scrolls
 e - 3 scrolls of torment {unknown}

Dungeon Overview and Level Annotations

Branches:
Dungeon (1/15) Zot: 5870

Altars:

#...... #.# #...... #.#
#...... #.# #######.....
#####.### #......#....
###..$....###.####......
........).#............#
......K.....#.#########.
......Sā™£...ā€ #...# #.
.......r....###ā€ # .
.........#..###.#######.
........................
#......########.########
##....# #.# #.#.# #.#
#.#. #.# #.#


You could see a quokka, a ball python and a kobold.


Message History

Unknown command.
You tentacle-slap the endoplasm.
You kill the endoplasm!
The goblin hits you with a +0 dagger.
You have reached level 2! šŸ˜• HP[+2] MP[+1]
You now have 18 max hp (+5).
You regained 2 hp, and now have 14/18 hp.
Your mp is fully restored (2).
You tentacle-slap the goblin.
You kill the goblin!
No target in view!
Things that are here:
a +0 dagger; a goblin corpse; šŸ˜• HP[+1] Unknown command.
f - a fuming clear potion šŸ˜Ž HP[+3]
Your hp is fully restored (18).
You now have 10 gold pieces (gained 2).
A frilled lizard comes into view.
A frilled lizard is nearby!
A frilled lizard is nearby!
A hobgoblin comes into view.
The hobgoblin shouts!
The hobgoblin closely misses you.
Unknown command.
You tentacle-slap the hobgoblin.
You kill the hobgoblin!
No target in view!
Unknown command.
No target in view!
You see here a hobgoblin corpse.
A frilled lizard is nearby!
A goblin comes into view. It is wielding a +1 dagger of venom.
There are monsters nearby!
A bat comes into view.
You barely miss the frilled lizard.
The frilled lizard hisses angrily.
You grab the frilled lizard. You constrict the frilled lizard.
The frilled lizard misses you.
Unknown command.
You tentacle-slap the frilled lizard.
You kill the frilled lizard!
A quokka comes into view.
The bat misses you.
Unknown command.
A ball python comes into view.
The goblin shouts!
The ball python hisses angrily.
You hear a shout!
The bat barely misses you.
A kobold comes into view. It is wielding a +0 short sword.
You tentacle-slap the bat.
You kill the bat!
The goblin hits you with a +1 dagger of venom.
You are poisoned. šŸ˜® HP[-5]
You take 5 damage, and now have 13/18 hp.
MASSIVE DAMAGE!! (PAUSE)
You tentacle-slap the goblin.
You kill the goblin!
You feel very sick.
The quokka completely misses you. šŸ˜® HP[-2]
You take 2 damage, and now have 11/18 hp.
Unknown command.
It was a potion of brilliance.
You feel clever all of a sudden.
* * * LOW HITPOINT WARNING * * *
You feel very sick.
The ball python barely misses you. x2; The quokka completely misses you. šŸ˜Ø HP[-3]
You take 3 damage, and now have 8/18 hp.
There are monsters nearby!
Okay, then.
It was a potion of resistance.
You feel protected.
You feel sick. The ball python misses you. The ball python grabs you.
The ball python constricts you.
* * * LOW HITPOINT WARNING * * *
The quokka bites you but does no damage.
The ball python barely misses you. The ball python constricts you.
* * * LOW HITPOINT WARNING * * *
šŸ˜Ø HP[-3]
You take 3 damage, and now have 5/18 hp.
Unknown command.
Your transformation has ended.
You turn into a tree.
Your roots penetrate the ground.
You feel sick.
The quokka bites you but does no damage.
The kobold hits you but does no damage.
The ball python bites you but does no damage.
The ball python constricts you. šŸ˜± HP[+1]
You now have 27 max hp (+9).
Unknown command.
You closely miss the ball python.
You feel sick. The quokka bites you.
* * * LOW HITPOINT WARNING * * *
The ball python bites you but does no damage.
The ball python constricts you.
The kobold hits you with a +0 short sword.
You die...

Action                     || total
---------------------------++-------
  Melee: Unarmed           ||    16
         Constrict         ||     2
         Tentacles         ||     1
    Use: Potion            ||     3
   Stab: Sleeping          ||     1
 Armour: Skin              ||     5
  Dodge: Dodged            ||    16

Levels and vault maps discovered:
D:1:      dreamdust_arrival_beginning_and_end, layout_loops_ring,
          minmay_split_cup_small

Notes
Turn   | Place    | Note
-------+----------+-------------------------------------------
     0 | D:1      | ytrimaz the Octopode Shapeshifter began the quest for the
                  | Orb.
     0 | D:1      | Reached XP level 1. HP: 13/13 MP: 1/1
     0 | D:1      | magus.rc [v1.9.6]
    67 | D:1      | Reached XP level 2. HP: 14/18 MP: 2/2
   128 | D:1      | HP: 6/27 [poisoned by a goblin]
   129 | D:1      | HP: 1/27 [quokka (4)]
   129 | D:1      | Slain by a kobold

Vanquished Creatures
  A dart slug (D:1)
  A bat (D:1)
  2 endoplasms (D:1)
  3 goblins (D:1)
  A hobgoblin (D:1)
  A frilled lizard (D:1)
9 creatures vanquished.

Table legend:
 A = Non-vault XP
 B = Vault XP
 C = Vault XP percentage of total XP
 D = Non-vault monster count
 E = Vault monster count
 F = Vault count percentage of total count
                 A         B        C        D         E       F
            +---------+---------+-------+---------+---------+-------
      Total |      18 |       0 |   0.0 |       9 |       0 |   0.0
            +---------+---------+-------+---------+---------+-------
        D:1 |      18 |       0 |   0.0 |       9 |       0 |   0.0
            +---------+---------+-------+---------+---------+-------

Action                     || total
---------------------------++-------
  Melee: Unarmed           ||    16
         Constrict         ||     2
         Tentacles         ||     1
    Use: Potion            ||     3
   Stab: Sleeping          ||     1
 Armour: Skin              ||     5
  Dodge: Dodged            ||    16

Illustrated notes

Table legend:
 A = Kills in this place as a percentage of kills in the entire game.
 B = Kills by you in this place as a percentage of kills by you in the entire game.
 C = Kills by friends in this place as a percentage of kills by friends in the entire game.
 D = Other kills in this place as a percentage of other kills in the entire game.
 E = Experience gained in this place as a percentage of experience gained in the entire game.
 F = Experience gained in this place divided by the number of levels of this place that you have seen.
                   A       B       C       D       E      F
               +-------+-------+-------+-------+-------+----------------------
         Total | 100.0 | 100.0 |   N/A |   N/A | 100.0 |  18.0
       Dungeon | 100.0 | 100.0 |   N/A |   N/A | 100.0 |  18.0
               +-------+-------+-------+-------+-------+----------------------

Table legend: (Time is in decaauts)
 A = Elapsed time spent in this place.
 B = Non-inter-level travel time spent in this place.
 C = Inter-level travel time spent in this place.
 D = Time resting spent in this place.
 E = Time spent auto-exploring this place.
 F = Levels seen in this place.
 G = Mean time per level.
                   A        B        C        D        E       F      G
               +--------+--------+--------+--------+--------+-----+--------+
         Total |    128 |    128 |      0 |      0 |     80 |   1 |  128.0 |
       Dungeon |    128 |    128 |      0 |      0 |     80 |   1 |  128.0 |
               +--------+--------+--------+--------+--------+-----+--------+

Top non-repeatable levels by time:
     D:1: 128 daAuts
